AoeStats
← rubve

Marketplace

505309786Analyzed
1v1 RM · 24d ago on Sep 8, 2026· 33m 15s· 2 players
Game mode
Random Map
Map size
Tiny (2 player)
Population
200
Speed
Normal
Resources
Standard
Victory
Conquest
Starting age
Dark Age
Ending age
Imperial Age
RankedLock teamsTeams togetherTeam positionsShared explorationLock speedFull tech treeHidden civsTurbo modeCheats
Victory
Defeat
🇲🇽 Bulgarians · Mexico
1018
+14
🇹🇷 Mongols · Türkiye
979
-14
TheTulpar
10:35 Feudal Age
8:51 Loom
12:08 Double-Bit Axe
28:14 Castle Age
rubve
1:20 Loom
7:31 Loom
10:25 Feudal Age
15:34 Arson
25:40 Castle Age
23:40 Fletching
24:02 Forging
23:57 Horse Collar
25:00 Bloodlines
25:56 Wheelbarrow
27:00 Bodkin Arrow
29:05 Town Watch
Connection lost

Rejoining the realm…

Still unreachable

The connection could not be restored.

Session expired

The server has moved on; the page needs a fresh start.